 Dungeon Crawl Stone Soup version 0.19.1-1-g22dce08 (webtiles) character file.

368 Alarkh the Chopper (level 6, -2/70 HPs)
             Began as a Demonspawn Monk on Jan 12, 2017.
             Was a Believer of Trog.
             Slain by Sigmund
             ... wielding a +0 scythe
              (7 damage)
             ... on level 4 of the Dungeon.
             The game lasted 00:04:58 (3230 turns).

Alarkh the Chopper (Demonspawn Monk)                Turns: 3230, Time: 00:05:00

Health: -2/70      AC:  9    Str: 16    XL:     6   Next: 41%
Magic:  6/6        EV: 13    Int: 13    God:    Trog [**....]
Gold:   224        SH:  0    Dex: 16    Spells: 0 memorised, 5 levels left

rFire  . . .     SeeInvis .     a - +1 hand axe
rCold  . . .     Gourm    .     i - +3 leather armour
rNeg   . . .     Faith    .     (no shield)
rPois  .         Spirit   .     q - +2 helmet
rElec  .         Reflect  .     (no cloak)
rCorr  .         Harm     .     (no gloves)
MR     .....                    (no boots)
Stlth  ..........               (no amulet)
                                (no ring)
                                (no ring)

@: berserking (expiring), lethally poisoned (-2 -> -7), very quick
A: powered by pain 2
a: Berserk, Trog's Hand, Burn Spellbooks, Renounce Religion


You were on level 4 of the Dungeon.
You worshipped Trog.
Trog was pleased with you.
You were hungry.

You visited 1 branch of the dungeon, and saw 4 of its levels.
You also visited: Sewer.

You collected 224 gold pieces.

Inventory:

Hand Weapons
 a - a +1 hand axe (weapon)
Missiles
 h - a throwing net (quivered)
Armour
 b - a +0 robe
 i - a +3 leather armour (worn)
 q - a +2 helmet (worn)
Jewellery
 g - an uncursed ring of teleportation
Scrolls
 e - a scroll of identify
 v - a scroll of remove curse
 w - a scroll of teleportation {unknown}
Potions
 d - 2 potions of flight
 f - 2 potions of resistance
 j - 3 potions of curing
 k - a potion of berserk rage
 l - a potion of cure mutation
 m - a potion of haste
 n - a potion of cancellation
 o - a potion of agility
Comestibles
 c - 3 bread rations
 p - 6 fruits
 s - 2 beef jerkies
 t - 2 meat rations
 u - 4 chunks of flesh


   Skills:
 - Level 3.0 Fighting
 + Level 6.6 Axes
 - Level 2.6 Dodging
 - Level 1.7 Stealth


You had 5 spell levels left.
You didn't know any spells.

Dungeon Overview and Level Annotations

Branches:
Dungeon (4/15)
 Temple: D:4-7

Altars:
Cheibriados
Hepliaklqana
Kikubaaqudgha
Ru
Trog
Uskayaw
Xom

Annotations:
D:4 Sigmund


Innate Abilities, Weirdness & Mutations

You sometimes gain power by taking damage.


Message History

You feel sick.
You closely miss something.
You feel sick. Something barely misses you.
You slash something!
Some of the chunks of flesh in your inventory have rotted away.
You miss something.
You feel sick. Something hits you.
* * * LOW HITPOINT WARNING * * *
You barely miss something.
You feel sick.
You miss something. You hit something.
You feel sick.
You hear some strange, mumbled words.
A puff of flame appears from out of thin air!
The puff of flame hits you!
* * * LOW HITPOINT WARNING * * *
You barely miss something. Something hits you.
* * * LOW HITPOINT WARNING * * *
You slash something!
* * * LOW HITPOINT WARNING * * *
You feel sick.
You miss something. Something hits you!
You die...

####.###...###.#.#
.# #........###
#.#.. # #........#
#.#.. #....?...#
#.#..# #........#
#<...# #....$...#
##. #........# .
#........#
#....@...#
######{......
#.#####. .. .## .#
##


There were no monsters in sight!

Vanquished Creatures
  A big kobold (Sewer)
  A scorpion (D:4)
  An orc wizard (D:4)
  8 gnolls
  2 adders
  A river rat (Sewer)
  4 oozes
  3 worms
  3 leopard geckos
  9 orcs
  5 giant cockroaches
  5 goblins
  8 hobgoblins
  2 jackals (Sewer)
  10 bats
  3 frilled lizards
  18 kobolds
  12 rats
96 creatures vanquished.

Notes
Turn   | Place    | Note
-------+----------+-------------------------------------------
     0 | D:1      | Alarkh the Demonspawn Monk began the quest for the Orb.
     0 | D:1      | Reached XP level 1. HP: 18/18 MP: 1/1
    72 | D:1      | Reached skill level 3 in Axes
   169 | D:1      | Gained mutation: You sometimes gain a little power by taking damage. [demonic ancestry]
   169 | D:1      | Reached XP level 2. HP: 20/24 MP: 2/2
   689 | D:2      | Found a hide-covered altar of Uskayaw.
   696 | D:2      | Gained mutation: You sometimes gain power by taking damage. [demonic ancestry]
   696 | D:2      | Reached XP level 3. HP: 29/29 MP: 3/3
   750 | D:2      | Found a snail-covered altar of Cheibriados.
   859 | D:2      | Reached skill level 4 in Axes
  1487 | D:3      | Reached XP level 4. HP: 35/35 MP: 4/4
  1849 | D:3      | Found an ancient bone altar of Kikubaaqudgha.
  1850 | D:3      | Found a bloodstained altar of Trog.
  1852 | D:3      | Found a hazy altar of Hepliaklqana.
  1853 | D:3      | Found a sacrificial altar of Ru.
  1858 | D:3      | Became a worshipper of Trog the Wrathful
  1858 | D:3      | Reached * piety under Trog
  1858 | D:3      | Reached ** piety under Trog
  1925 | D:3      | Found a shimmering altar of Xom.
  1937 | D:3      | Reached skill level 5 in Axes
  2056 | D:3      | Found a glowing drain.
  2066 | D:3      | Reached XP level 5. HP: 41/41 MP: 5/5
  2081 | Sewer    | Entered a sewer
  2377 | Sewer    | Found a glowing silver altar of Zin.
  2610 | D:3      | Reached skill level 6 in Axes
  2626 | D:3      | HP: 3/61 [gnoll/spear (3)]
  2630 | D:3      | Reached XP level 6. HP: 4/47 MP: 6/6
  3205 | D:4      | Noticed Sigmund
  3230 | D:4      | Slain by Sigmund

Skill      XL: |  1  2  3  4  5 |
---------------+----------------+-----
Axes           | 3 4 5 6 |  6.6
Fighting       | |  3.0
Dodging        | |  2.6
Stealth        | |  1.7

Action                   |  1- 3 |  4- 6 || total
-------------------------+-------+-------++-------
Melee: Hand axe          |   131 |   186 ||   317
Invok: Berserk           |       |     5 ||     5
  Use: Scroll            |     5 |     5 ||    10
       Potion            |       |     5 ||     5
 Stab: Sleeping          |     8 |     1 ||     9
       Distracted        |     1 |       ||     1
  Eat: Chunk             |     2 |    10 ||    12
Armor: Robe              |     5 |       ||     5
       Leather armour    |    45 |    87 ||   132
Dodge: Dodged            |    92 |   179 ||   271
